Map: Galactic Process LE

Players

Gracz

  • Race: Zerg Zerg
  • League: Silver

sorko - Winner!

  • Race: Protoss Protoss
  • League: Silver

VOD

Have the link to the VOD?

Description

Time

  • Played on: Oct. 7, 2016, 6:31 p.m.
  • Length: 9:22
Show
View Real Time Build Order
Export as new Build Order

Gracz Zerg 

Build Orders: Pool First 

Get SALT Encoding   

  12  0:06  Drone  
  13  0:19  Drone  
  13  0:21  Overlord  
  14  0:42  Spawning Pool  
  13  0:43  Drone  
  14  1:10  Hatchery  
  13  1:15  Drone  
  14  1:20  Extractor, Drone  
  14  1:33  Zergling x4  
  17  1:40  Drone  
  17  1:56  Drone  
  18  2:07  Zergling x2  
  19  2:21  Drone  
  19  2:22  Overlord  
  20  2:27  Zergling x2  
  19  2:51  Zergling x2  
  19  2:52  Drone  
  20  3:00  Zergling x2  
  21  3:06  Spine Crawler  
  21  3:10  Drone  
  20  3:13  Zergling x4  
  20  3:14  Zergling x2  
  22  3:23  Spine Crawler  
  21  3:32  Metabolic Boost  
  21  3:47  Hatchery  
  19  4:30  Hatchery  
  17  4:37  Queen  
  17  4:39  Drone x3  
  20  5:02  Hatchery  
  20  5:04  Drone x3  
  22  5:11  Drone x2  
  24  5:20  Extractor  
  23  5:31  Baneling Nest  
  23  5:33  Roach Warren  
  21  5:37  Queen  
  21  5:42  Zergling x8  
  27  5:44  Drone  
  28  6:03  Zergling x2  
  29  6:06  Lair  
  29  6:12  Zergling x2  
  29  6:13  Zergling x8  
  29  6:14  Zergling x2  
  29  6:15  Zergling x2  
  36  6:19  Baneling x3  
  36  6:20  Baneling  
  36  6:26  Zergling x2  
  36  6:31  Drone x2  
  39  6:39  Baneling  
  39  6:40  Baneling x3  
  39  6:44  Drone  
  40  6:50  Overlord  
  35  7:29  Baneling x4  
  33  7:30  Zergling x6  
  33  7:33  Roach x5  
  38  7:57  Drone x2  
  38  7:58  Drone  
  38  8:01  Drone x6  
  38  8:02  Drone  
  45  8:15  Overlord x2  
  33  8:50  Roach  
  33  8:51  Roach x7, Zergling x2  
Show
View Real Time Build Order
Export as new Build Order

sorko Protoss - Winner!

Build Orders:  

Get SALT Encoding   

  12  0:01  Probe (Chrono Boost)  
  13  0:12  Probe (Chrono Boost)  
  14  0:19  Pylon  
  14  0:22  Probe (Chrono Boost)  
  15  0:34  Assimilator  
  15  0:38  Probe (Chrono Boost)  
  16  0:47  Gateway  
  16  0:49  Probe (Chrono Boost)  
  17  0:59  Probe (Chrono Boost)  
  17  1:04  Assimilator  
  18  1:10  Probe (Chrono Boost)  
  19  1:21  Probe (Chrono Boost)  
  20  1:31  Probe (Chrono Boost)  
  21  1:42  Cybernetics Core  
  21  1:45  Forge  
  21  2:00  Pylon  
  21  2:05  Nexus  
  21  2:19  Photon Cannon  
  21  2:27  Photon Cannon  
  21  2:33  Mothership Core (Chrono Boost)  
  23  3:09  Warp Gate  
  23  3:13  Adept  
  23  3:18  Probe (Chrono Boost)  
  26  3:24  Robotics Facility  
  26  3:29  Probe (Chrono Boost)  
  27  3:42  Probe (Chrono Boost)  
  28  3:52  Probe (Chrono Boost)  
  28  3:53  Probe (Chrono Boost)  
  28  3:55  Pylon  
  31  4:03  Probe x2 (Chrono Boost)  
  31  4:08  Adept  
  34  4:14  Probe (Chrono Boost)  
  34  4:24  Probe (Chrono Boost)  
  34  4:26  Pylon  
  34  4:35  Probe (Chrono Boost)  
  35  4:43  Pylon  
  36  4:45  Probe (Chrono Boost)  
  36  4:56  Probe (Chrono Boost)  
  36  4:58  Protoss Ground Armor Level 1  
  36  4:59  Gateway x2  
  37  5:04  Gateway  
  38  5:07  Probe (Chrono Boost)  
  38  5:08  Gateway  
  38  5:19  Probe (Chrono Boost)  
  40  5:28  Probe (Chrono Boost)  
  40  5:31  Probe (Chrono Boost)  
  40  5:35  Robotics Bay  
  41  5:40  Stalker, Probe (Chrono Boost)  
  45  5:43  Probe (Chrono Boost)  
  45  5:53  Probe (Chrono Boost)  
  45  5:55  Probe (Chrono Boost)  
  47  5:58  Assimilator  
  47  6:01  Assimilator  
  48  6:05  Stalker, Probe (Chrono Boost)  
  48  6:06  Stalker  
  48  6:07  Probe (Chrono Boost)  
  53  6:12  Extended Thermal Lance  
  54  6:20  Probe (Chrono Boost)  
  54  6:36  Pylon  
  54  6:39  Pylon  
  54  6:44  Pylon  
  54  6:46  Colossus  
  54  6:52  Protoss Ground Weapons Level 1  
  60  7:00  Probe (Chrono Boost)  
  61  7:07  Stalker x2  
  61  7:08  Stalker x3  
  69  7:12  Probe (Chrono Boost)  
  72  7:24  Probe (Chrono Boost)  
  68  7:42  Stalker x3  
  68  7:43  Stalker x2  
  76  8:13  Stalker  
  76  8:17  Pylon  
  76  8:18  Pylon  
  78  8:20  Pylon  
  78  8:28  Colossus  
  78  8:37  Probe (Chrono Boost)  
  86  8:49  Probe (Chrono Boost)  
  86  9:03  Stalker x2  
  86  9:04  Stalker x3  
Tags
 
Add a new tag
Caveats
  • Supply blocks, unpowered buildings, or Contaminate may cause inaccurate times.
  • Supply counts are checked every 10 seconds.